 Dungeon Crawl Stone Soup version 0.30-a0-358-g0d69a1922f (webtiles) character file.

Game seed: 12232940495120601867

3052 Lobster4 the Gusty (level 10, -14/74 HPs)
             Began as a Human Air Elementalist on Nov 8, 2022.
             Was an Initiate of Vehumet.
             Demolished by a manticore (18 damage)
             ... summoned by a boggart
             ... on level 11 of the Dungeon.
             The game lasted 00:37:24 (9574 turns).

Lobster4 the Gusty (Human Air Elementalist)         Turns: 9574, Time: 00:37:25

Health: -14/74     AC:  7    Str:  8    XL:     10   Next: 11%
Magic:  17/17      EV: 12    Int: 24    God:    Vehumet [......]
Gold:   342        SH:  0    Dex: 16    Spells: 14/19 levels left

rFire   . . .      SeeInvis .    a - +4 falchion (freeze)
rCold   . . .      Faith    .    o - orb {light}
rNeg    . . .      Spirit   .    F - +2 leather armour {rPois}
rPois   +          Reflect  .    N - +0 helmet
rElec   .          Harm     .    (no cloak)
rCorr   .          Rampage  .    (no gloves)
Will    +....                    n - +0 pair of boots
Stlth   +.........               (no amulet)
HPRegen 0.32/turn                y - ring of willpower
MPRegen 0.15/turn                g - +6 ring of intelligence

@: glowing
A: no striking features
a: Renounce Religion


You were on level 11 of the Dungeon.
You worshipped Vehumet.
Vehumet was noncommittal.
You visited 2 branches of the dungeon, and saw 10 of its levels.
You also visited: Ossuary.

You collected 342 gold pieces.

Inventory:

Hand Weapons
 a - a +4 falchion of freezing (weapon)
 b - a +0 sling
 f - a +0 short sword
 k - a +0 falchion of holy wrath
 p - a +0 hand axe
Missiles
 d - 9 boomerangs
 A - 11 poisoned darts
Armour
 e - a +0 ring mail
 n - a +0 pair of boots (worn)
 o - an orb of light (worn)
 C - a +0 buckler
 F - a +2 leather armour of poison resistance (worn)
 J - a +2 leather armour of cold resistance
 M - the +0 ring mail of Filth {rN++}
   (You found it on level 7 of the Dungeon)

   rN:        It greatly protects you from negative energy.
 N - a +0 helmet (worn)
Jewellery
 g - a +6 ring of intelligence (right hand)
 l - a ring of see invisible
 y - a ring of willpower (left hand)
 z - a +6 ring of strength
Wands
 B - a wand of roots (17)
Scrolls
 c - 2 scrolls of blinking {unknown}
 h - a scroll of silence {unknown}
 j - 3 scrolls of teleportation
 q - a scroll of amnesia
 D - a scroll of butterflies {unknown}
 I - a scroll of poison {unknown}
 K - 2 scrolls of fear {unknown}
Potions
 i - 2 potions of ambrosia
 m - 3 potions of curing
 r - a potion of brilliance
 s - 2 potions of mutation {unknown}
 t - 2 potions of might {unknown}
 u - 2 potions of haste {unknown}
 v - 2 potions of magic
 w - a potion of heal wounds
 x - a potion of flight
 E - a potion of cancellation
 G - 3 potions of attraction {unknown}


   Skills:
 + Level 5.3 Fighting
 - Level 3.0 Long Blades
 - Level 1.0 Throwing
 - Level 3.0 Armour
 - Level 2.0 Dodging
 - Level 2.0 Stealth
 + Level 3.9 Shields
 + Level 5.3 Spellcasting
 + Level 5.6 Conjurations
 * Level 6.7 Air Magic
 - Level 3.0 Evocations


You had 14 spell levels left.
You knew the following spells:

 Your Spells              Type           Power      Damage    Failure   Level
a - Shock                 Conj/Air       100%       1d9       1%          1
b - Magic Dart            Conj           100%       1d8       1%          1
c - Swiftness             Air            38%        N/A       2%          3

Your spell library contained the following spells:

 Spells                   Type           Power      Damage    Failure   Level
 Kiss of Death            Conj/Necr      76%        2d11      3%          1
 Static Discharge         Conj/Air       72%        2-5/arc   1%          2
 Foxfire                  Conj/Fire      76%        2x1d7     3%          1
 Mephitic Cloud           Conj/Pois/Air  26%        N/A       7%          3
 Airstrike                Air            19%        2d(3-19)  8%          4
 Apportation              Tloc           12%        N/A       12%         1
 Freeze                   Ice            24%        1d4       12%         1
 Necrotise                Necr           24%        1d5       12%         1
 Summon Small Mammal      Summ           24%        N/A       12%         1
 Hailstorm                Conj/Ice       19%        3d6       12%         3
 Kindle Blastsparks       Fire/Tloc/Air  34%        2d12      14%         3
 Call Imp                 Summ           6%         N/A       19%         2
 Frozen Ramparts          Ice            12%        1d2       36%         3
 Ignite Poison            Fire/Tmut/Pois 6%         N/A       36%         3
 Freezing Cloud           Conj/Ice/Air   13%        6-21      52%         5
 Fireball                 Conj/Fire      9%         3d6       71%         5
 Starburst                Conj/Fire      9%         6d5       99%         6


Dungeon Overview and Level Annotations

Branches:
Dungeon (8/15)             Temple (1/1) D:5         Ossuary (visited)
   Lair: D:8-11

Altars:
Ashenzari
Cheibriados
Fedhas
Gozag
Hepliaklqana
Kikubaaqudgha
Makhleb
Nemelex Xobeh
Okawaru
Qazlal
Ru
Sif Muna
Vehumet
Xom
Yredelemnul

Shops:
D:7 [(

Portals:
Abyss: D:7

Annotations:
D:5 3 runed translucent doors, IdlyInterested's ghost, novice DsWn; runemasterragnar's ghost, novice DrTm
D:7 2 transporters, koil's ghost, novice SpEn


Message History

Vehumet accepts your kill.
The boulder beetle dissolves into shadows!
The howler monkey dissolves into shadows! x2
Found 6 stones.
The boggart gestures wildly while chanting.
The boulder beetle leaps!
The boggart gestures wildly while chanting.
There is an open door, spattered with blood here.
You barely miss the boggart.
The boggart hits you but does no damage.
The boggart mumbles some strange words.
The gnoll hits you with a +0 flail. The gnoll hits you with a +0 club.
The gnoll sergeant hits you from afar with a +0 trident!
You barely miss the boggart. The boggart barely misses you.
The gnoll hits you with a +0 club.
The gnoll sergeant completely misses you.
The gnoll hits you with a +0 flail. The manticore bites you!
The manticore closely misses you. x2
You slash the boggart! You freeze the boggart.
The boggart is moderately wounded.
The boggart mumbles some strange words.
The boulder beetle curls into a ball and begins rolling!
The gnoll hits you but does no damage.
The gnoll sergeant hits you from afar with a +0 trident!
The gnoll hits you with a +0 flail.
* * * LOW HITPOINT WARNING * * *
The manticore barely misses you.
The manticore claws you but does no damage. x2
The boggart closely misses you.
You slash the boggart! You freeze the boggart.
The boggart is almost dead.
The boggart casts a spell.
The boggart flickers and vanishes for a moment.
The gnoll barely misses you.
The gnoll sergeant hits you from afar with a +0 trident!
* * * LOW HITPOINT WARNING * * *
The gnoll hits you with a +0 flail.
* * * LOW HITPOINT WARNING * * *
The manticore bites you!!
You die...

*,*,* *,* *,#.* *,*
***** *,#.* *,* *,,,*
*****,#.* *,* **,,*
*,,,,,#.* *,* *,,*
*,#####.* *,# *,,*
*,......####.#
*,,*********#.H...#
*,,,,,,,,,,,#@#####****
*,****#....gggggg....,*
*,****#...#..g.C...(.,*
*,,,,,..,,+..........,*
**********#......^...,*
#$..~...B..,*
*#..~~~...○.,*
*...~≈~.....,*
*,<,~~~,,,,,,*


You could see a boulder beetle (rolling), a manticore (summoned), a cyclops
(summoned), a gnoll sergeant (summoned), 2 boggarts and 4 gnolls.

Vanquished Creatures
  A hornet (D:7)
  A shadow (D:5)
  Sigmund (D:2)
  Edmund (D:5)
  An ice beast (D:5)
  A black bear (D:5)
  A sky beast (D:7)
  3 boggarts (D:11)
  2 ogres
  A phantom (D:6)
  Blork the orc (D:6)
  2 elf zombies (Ossuary)
  A bullfrog (D:6)
  2 scorpions
  5 wights (D:5)
  3 killer bees (D:5)
  7 howler monkeys (D:7)
  A centaur zombie (Ossuary)
  3 jellies
  3 orc priests
  A gnoll bouda (D:5)
  2 human zombies (Ossuary)
  2 hounds
  An iguana (D:5)
  2 mummies (Ossuary)
  7 gnolls
  6 adders
  An adder zombie (Ossuary)
  A worm (D:3)
  5 dart slugs
  10 orcs
  3 endoplasms
  A giant cockroach (D:1)
  4 goblins
  7 hobgoblins
  2 kobolds
  4 quokkas
  3 ball pythons
  10 bats
  2 frilled lizards
  9 hobgoblin zombies (Ossuary)
  2 jackal zombies (Ossuary)
  9 kobold zombies (Ossuary)
  9 orc zombies (Ossuary)
  6 rats
  A rat zombie (Ossuary)
151 creatures vanquished.

Vanquished Creatures (others)
  6 plants (D:5)
6 creatures vanquished.

Grand Total: 157 creatures vanquished

Notes
Turn   | Place    | Note
-------+----------+-------------------------------------------
     0 | D:1      | Lobster4 the Human Air Elementalist began the quest for the
                  | Orb.
     0 | D:1      | Reached XP level 1. HP: 13/13 MP: 3/3
   375 | D:1      | Reached XP level 2. HP: 20/20 MP: 3/5
   412 | D:1      | Learned a level 1 spell: Magic Dart
   799 | D:1      | Reached XP level 3. HP: 25/25 MP: 3/6
  1053 | D:2      | Reached skill level 1 in Fighting
  1053 | D:2      | Reached skill level 1 in Armour
  1764 | D:2      | Noticed Sigmund
  1861 | D:3      | Reached XP level 4. HP: 32/32 MP: 2/7
  1908 | D:3      | Found a blossoming altar of Fedhas.
  2235 | D:3      | Reached XP level 5. HP: 35/37 MP: 0/8
  2454 | D:3      | Found an iron altar of Okawaru.
  2454 | D:3      | Noticed a steam dragon
  2485 | D:2      | Killed Sigmund
  2486 | D:2      | Reached skill level 1 in Long Blades
  2486 | D:2      | Reached XP level 6. HP: 19/44 MP: 2/10
  3177 | D:4      | Found a sand-covered staircase.
  3201 | Ossuary  | Entered an ossuary
  3664 | Ossuary  | Reached skill level 4 in Air Magic
  3690 | Ossuary  | Reached XP level 7. HP: 33/51 MP: 2/11
  4221 | D:4      | Found a sacrificial altar of Ru.
  4474 | D:4      | Found a broken altar of Ashenzari.
  4734 | D:4      | Reached XP level 8. HP: 52/58 MP: 6/13
  5785 | D:5      | Entered Level 5 of the Dungeon
  5792 | D:5      | Found a staircase to the Ecumenical Temple.
  5792 | D:5      | Noticed a shadow
  6286 | D:5      | Reached skill level 1 in Throwing
  6287 | D:5      | Reached skill level 1 in Shields
  6287 | D:5      | Reached skill level 1 in Evocations
  6503 | D:5      | Noticed Edmund
  6522 | D:5      | Killed Edmund
  6523 | D:5      | Reached skill level 5 in Air Magic
  6763 | D:5      | Learned a level 3 spell: Swiftness
  6957 | D:5      | Killed a shadow
  6958 | D:5      | Reached XP level 9. HP: 65/65 MP: 10/15
  6962 | Temple   | Entered the Ecumenical Temple
  7081 | Temple   | Became a worshipper of Vehumet
  7108 | D:5      | Found a stormy altar of Qazlal.
  7537 | D:5      | Found a runed translucent gate.
  7538 | D:5      | Found a runed translucent gate.
  7538 | D:5      | Found a runed translucent gate.
  7539 | D:5      | Noticed IdlyInterested's ghost (novice DsWn)
  7539 | D:5      | Noticed runemasterragnar's ghost (novice DrTm)
  7950 | D:6      | Found a snail-covered altar of Cheibriados.
  8213 | D:6      | Found a burning altar of Makhleb.
  8258 | D:6      | Noticed Blork the orc
  8265 | D:6      | Killed Blork the orc
  8266 | D:6      | Reached skill level 5 in Conjurations
  8306 | D:6      | Found a shimmering blue altar of Sif Muna.
  8425 | D:7      | Found Cheibriados's Comfort Zone.
  8426 | D:7      | Found a snail-covered altar of Cheibriados.
  8441 | D:7      | Noticed a hornet
  8450 | D:7      | Killed a hornet
  8451 | D:7      | Reached skill level 6 in Air Magic
  8453 | D:7      | Found a basalt altar of Yredelemnul.
  8597 | D:7      | Found Racwiph's Weapon Emporium.
  8619 | D:7      | Identified the +0 ring mail of Filth {rN++}
  8733 | D:7      | Reached skill level 5 in Spellcasting
  8813 | D:7      | Found a transporter.
  8826 | D:7      | Reached skill level 5 in Fighting
  8874 | D:7      | Found a transporter.
  8950 | D:7      | Reached * piety under Vehumet
  8950 | D:7      | Offered knowledge of Kiss of Death by Vehumet.
  9295 | D:7      | Noticed koil's ghost (novice SpEn)
  9327 | D:7      | Found a one-way gate to the infinite horrors of the Abyss.
  9448 | D:7      | Reached XP level 10. HP: 74/74 MP: 11/17
  9551 | D:8      | You fall into a shaft and drop 3 floors!
  9565 | D:11     | Noticed a gargoyle
  9566 | D:11     | Noticed a boulder beetle
  9568 | D:11     | Noticed a boulder beetle
  9572 | D:11     | Noticed a manticore
  9574 | D:11     | Noticed a cyclops
  9574 | D:11     | Demolished by a manticore

Illustrated notes

Levels and vault maps discovered:
D:1:      elethiomel_arrival_quiet, layout_loops_cross
D:2:      wander_river, layout_basic, uniq_sigmund
D:3:      layout_basic, fedhas_ov_isle_minmay, old_standard_altar
D:4:      layout_layer_cave, nicolae_ashenzari_skybound,
          nicolae_ru_sacrificial_ziggurat, lightli_ossuary_entry_decrepit_ruins
D:5:      layout_loops_corners, nicolae_qazlal_style_of_elements,
          minmay_temple_entry_overgrown, gammafunk_ghost_cemetery, uniq_edmund
D:6:      layout_cave_pools, makhleb_heckhound_becter,
          mainiacjoe_overflow_concentric_impassable, tgw_sif
D:7:      layout_loops_ring, yredelemnul_altar_generic,
          gammafunk_ghost_abyssal_escape, amcnicky_mini_pool_small,
          nicolae_take_the_stairs, minmay_shop_chei
D:8:      layout_rooms, good_gods_mini_temple, grunt_decor_arrowhead,
          uniq_maggie
D:11:     layout_basic, amethyst_killhole, nicolae_sextant, uniq_snorg
Temple:   hellmonk_temple_beads

Skill      XL: |  1  2  3  4  5  6  7  8  9 |
---------------+----------------------------+-----
Fighting       | 1 2 3 4 5 |  5.3
Armour         | 1 2 3 |  3.0
Conjurations   | 2 3 4 5 |  5.6
Long Blades    | 1 2 3 |  3.0
Spellcasting   | 3 4 5 |  5.3
Air Magic      | 4 5 6 |  6.7
Throwing       | 1 |  1.0
Shields        | 2 3 |  3.9
Evocations     | 2 3 |  3.0
Dodging        | |  2.0
Stealth        | |  2.0

Action                   |  1- 3 |  4- 6 |  7- 9 | 10-12 || total
-------------------------+-------+-------+-------+-------++-------
Melee: Club              |     3 |       |       |       ||     3
       Short sword       |     2 |       |       |       ||     2
       Falchion          |       |    14 |    30 |    12 ||    56
Throw: Dart              |       |       |     8 |       ||     8
 Cast: Shock             |    61 |    51 |   160 |     1 ||   273
       Magic Dart        |    11 |    44 |    98 |       ||   153
       Swiftness         |       |       |     1 |       ||     1
Evoke: Wand              |       |       |     1 |       ||     1
  Use: Scroll            |     4 |     1 |     6 |     1 ||    12
       Potion            |       |       |     2 |       ||     2
Armor: Robe              |     3 |     7 |    13 |       ||    23
       Leather armour    |       |       |    13 |     9 ||    22
Dodge: Dodged            |    23 |    24 |    58 |     9 ||   114

Table legend: (Time is in decaauts)
 A = Elapsed time spent in this place.
 B = Non-inter-level travel time spent in this place.
 C = Inter-level travel time spent in this place.
 D = Time resting spent in this place.
 E = Time spent auto-exploring this place.
 F = Levels seen in this place.
 G = Mean time per level.
                   A        B        C        D        E       F      G
               +--------+--------+--------+--------+--------+-----+--------+
         Total |   9615 |   9293 |    322 |   1331 |   6262 |  11 |  874.1 |
       Dungeon |   8538 |   8226 |    312 |   1030 |   5996 |   9 |  948.7 |
        Temple |    139 |    129 |     10 |      0 |    114 |   1 |  139.0 |
       Ossuary |    938 |    938 |      0 |    301 |    152 |   1 |  938.0 |
               +--------+--------+--------+--------+--------+-----+--------+

Top non-repeatable levels by time:
     D:4: 1719 daAuts
     D:5: 1644 daAuts
     D:7: 1088 daAuts
     D:2: 1086 daAuts
     D:3: 1077 daAuts
     D:1: 1034 daAuts
 Ossuary: 938 daAuts
     D:6: 861 daAuts
  Temple: 139 daAuts
    D:11: 24 daAuts
